SA
LAREDO HAWKS @ ALAMEDA AIRMEN
06/24/2037
 
TOP OF THE 1ST
Laredo Hawks batting - Pitching for Alameda Airmen : RHP Bert Hollingsworth
Pitching: RHP Bert Hollingsworth
Batting: LHB Richard Edwards 0-0: Called Strike
0-1: Swinging Strike
0-2: SINGLE (Groundball, 4M, EV 106.2 MPH) (infield hit)
Batting: RHB Sergio San Martín 0-0: Ball
1-0: Fly out, F8 (Flyball, 8RXD, EV 91.2 MPH)
Batting: RHB Robby Long 0-0: Called Strike
0-1: Ball
1-1: Called Strike
1-2: Ball
2-2: DOUBLE (Line Drive, 9LM, EV 101.9 MPH)
Richard Edwards to third
Batting: RHB Jesús Gómez 0-0: Ball
1-0: Called Strike
1-1: Foul Ball, location: 2F
1-2: Strikes out swinging
Batting: RHB Eddie Neef 0-0: Called Strike
0-1: Ball
1-1: Ball
2-1: SINGLE (Line Drive, 8RS, EV 96.2 MPH)
Richard Edwards scores
Robby Long to third
Batting: LHB Keith Pick 0-0: Ball
1-0: Foul Ball, location: 2F
1-1: Foul Ball, location: 2F
1-2: SINGLE (Groundball, 3D, EV 99.4 MPH)
Robby Long scores
Eddie Neef to second
Runner from 2nd tries for 3rd, SAFE, throw by RF made to third
Batting: LHB Justice Bigbie 0-0: Called Strike
0-1: Swinging Strike
0-2: Foul Ball, location: 2F
0-2: Ball
1-2: Fly out, F9 (Line Drive, 9, EV 106.9 MPH)
Top of the 1st over - 2 runs, 4 hits, 0 errors, 2 left on base; Laredo 2 - Alameda 0
BOTTOM OF THE 1ST
Alameda Airmen batting - Pitching for Laredo Hawks : RHP Ed Alexander
Pitching: RHP Ed Alexander
Batting: RHB Tom Taylor 0-0: Called Strike
0-1: Fly out, F7 (Flyball, 7LS, EV 74.4 MPH)
Batting: RHB Michael Hughes 0-0: Ball
1-0: Fly out, F7 (Flyball, 7LS, EV 87.5 MPH)
Batting: RHB Tokaji Heida 0-0: Ground out 5-3 (Groundball, 56, EV 107.5 MPH)
Bottom of the 1st over - 0 runs, 0 hits, 0 errors, 0 left on base; Laredo 2 - Alameda 0
TOP OF THE 2ND
Laredo Hawks batting - Pitching for Alameda Airmen : RHP Bert Hollingsworth
Batting: LHB Asberry Harpending 0-0: Fly out, F9 (Line Drive, 9D, EV 88.1 MPH)
Batting: LHB Henry Head 0-0: Ball
1-0: Foul Ball, location: 2F
1-1: Called Strike
1-2: Strikes out swinging
Batting: LHB Richard Edwards 0-0: Called Strike
0-1: Foul Ball, location: 2F
0-2: Ball
1-2: Ball
2-2: SINGLE (Groundball, 56, EV 95.6 MPH)
Batting: RHB Sergio San Martín 0-0: Ball
1-0: SINGLE (Groundball, 34D, EV 101.9 MPH)
Richard Edwards to second
Runner from 2nd tries for 3rd, SAFE, throw by RF made to third
Batting: RHB Robby Long 0-0: Ground out 5-3 (Groundball, 25, EV 84.4 MPH)
Top of the 2nd over - 0 runs, 2 hits, 0 errors, 2 left on base; Laredo 2 - Alameda 0
BOTTOM OF THE 2ND
Alameda Airmen batting - Pitching for Laredo Hawks : RHP Ed Alexander
Batting: LHB Flint Myers 0-0: DOUBLE (Line Drive, 89M, EV 91.2 MPH)
Batting: RHB Sebastian Franke 0-0: Ball
1-0: Ball
2-0: Called Strike
2-1: Ball
3-1: Base on Balls
Batting: LHB Jesús Leoz 0-0: Ball
1-0: Ball
2-0: Ball
3-0: Base on Balls
Flint Myers to third
Sebastian Franke to second
Batting: RHB Pablo Pagán 0-0: Ball
1-0: Ball
2-0: Ball
3-0: Swinging Strike
3-1: Base on Balls
Flint Myers scores
Sebastian Franke to third
Jesús Leoz to second
Batting: RHB Johnny Jones 0-0: Foul Ball, location: 2F
0-1: Fly out, F8 (Flyball, 8LD, EV 91.2 MPH)
Runner from 3rd tags up, SCORES, throw by CF
Batting: RHB Bernardo Hernández 0-0: Ball
1-0: Ball
2-0: DOUBLE (Flyball, 78D, EV 90.0 MPH)
Jesús Leoz scores
Pablo Pagán to third
Batting: RHB Tom Taylor 0-0: Ball
1-0: Called Strike
1-1: Foul Ball, location: 2F
1-2: Foul Ball, location: 2F
1-2: Foul Ball, location: 2F
1-2: Ball
2-2: Foul Ball, location: 2F
2-2: Ball
3-2: Foul Ball, location: 2F
3-2: SINGLE (Groundball, 56D, EV 105.6 MPH)
Pablo Pagán scores
Bernardo Hernández to third
Runner from 3rd tries for Home, SAFE, throw by LF to home
Batting: RHB Michael Hughes 0-0: Ball
1-0: Ball
2-0: Foul Ball, location: 2F
2-1: Ball
3-1: SINGLE (Flyball, 78M, EV 90.0 MPH)
Tom Taylor to second
Batting: RHB Tokaji Heida 0-0: 3-RUN HOME RUN (Flyball, 7LD, EV 103.1 MPH), Distance : 346 ft
Pitching: LHP Fred Bridges
Batting: LHB Flint Myers 0-0: Called Strike
0-1: Ball
1-1: Foul Ball, location: 2F
1-2: Foul Ball, location: 2F
1-2: Strikes out looking
Batting: RHB Sebastian Franke 0-0: Ball
1-0: Called Strike
1-1: Ball
2-1: Called Strike
2-2: Strikes out looking
Bottom of the 2nd over - 8 runs, 5 hits, 0 errors, 0 left on base; Laredo 2 - Alameda 8
TOP OF THE 3RD
Laredo Hawks batting - Pitching for Alameda Airmen : RHP Bert Hollingsworth
Batting: RHB Jesús Gómez 0-0: Ball
1-0: Called Strike
1-1: Ball
2-1: Ball
3-1: Fly out, F7 (Flyball, 78D, EV 83.1 MPH)
Batting: RHB Eddie Neef 0-0: Called Strike
0-1: Called Strike
0-2: Foul Ball, location: 2F
0-2: Strikes out swinging
Batting: LHB Keith Pick 0-0: Called Strike
0-1: Called Strike
0-2: Ball
1-2: Strikes out looking
Top of the 3rd over - 0 runs, 0 hits, 0 errors, 0 left on base; Laredo 2 - Alameda 8
BOTTOM OF THE 3RD
Alameda Airmen batting - Pitching for Laredo Hawks : LHP Fred Bridges
Batting: LHB Jesús Leoz 0-0: Swinging Strike
0-1: Ball
1-1: Ball
2-1: Foul Ball, location: 2F
2-2: Foul Ball, location: 2F
2-2: Ball
3-2: Fly out, F8 (Flyball, 78D, EV 96.9 MPH)
Batting: RHB Pablo Pagán 0-0: Called Strike
0-1: Fly out, F5 (Popup, 5F, EV 63.8 MPH)
Batting: RHB Johnny Jones 0-0: Ball
1-0: Called Strike
1-1: Foul Ball, location: 2F
1-2: Foul Ball, location: 2F
1-2: Strikes out swinging
Bottom of the 3rd over - 0 runs, 0 hits, 0 errors, 0 left on base; Laredo 2 - Alameda 8
TOP OF THE 4TH
Laredo Hawks batting - Pitching for Alameda Airmen : RHP Bert Hollingsworth
Batting: LHB Justice Bigbie 0-0: Ball
1-0: Swinging Strike
1-1: Swinging Strike
1-2: Foul Ball, location: 2F
1-2: Ball
2-2: Ball
3-2: Base on Balls
Batting: LHB Asberry Harpending 0-0: Ball
Wild Pitch!
Justice Bigbie to second
1-0: Swinging Strike
1-1: Ball
2-1: Ball
3-1: Foul Ball, location: 2F
3-2: Fly out, F9 (Line Drive, 9, EV 84.4 MPH)
Batting: LHB Henry Head 0-0: Ball
1-0: Called Strike
1-1: Foul Ball, location: 2F
1-2: Foul Ball, location: 2F
1-2: Ball
2-2: Foul Ball, location: 2F
2-2: Strikes out looking
Batting: LHB Richard Edwards 0-0: Foul Ball, location: 2F
0-1: Ball
1-1: Ball
2-1: Swinging Strike
2-2: Foul Ball, location: 2F
2-2: Ball
3-2: Fly out, F9 (Flyball, 89M, EV 95.0 MPH)
Top of the 4th over - 0 runs, 0 hits, 0 errors, 1 left on base; Laredo 2 - Alameda 8
BOTTOM OF THE 4TH
Alameda Airmen batting - Pitching for Laredo Hawks : LHP Fred Bridges
Batting: RHB Bernardo Hernández 0-0: Ball
1-0: Called Strike
1-1: Ball
2-1: Foul Ball, location: 2F
2-2: Foul Ball, location: 2F
2-2: Ball
3-2: Base on Balls
Batting: RHB Tom Taylor 0-0: Called Strike
0-1: Swinging Strike
0-2: Ball
1-2: Strikes out swinging
Batting: RHB Michael Hughes 0-0: Called Strike
0-1: DOUBLE (Line Drive, 7LS, EV 109.4 MPH)
Bernardo Hernández to third
Bernardo Hernández scores
Batting: RHB Tokaji Heida 0-0: Ball
1-0: Called Strike
1-1: Ball
2-1: Ball
3-1: Base on Balls
Batting: LHB Flint Myers 0-0: Called Strike
0-1: Foul Ball, location: 2F
0-2: Grounds into double play, 4-6-3 (Groundball, 4, EV 83.8 MPH)
Bottom of the 4th over - 1 run, 1 hit, 0 errors, 1 left on base; Laredo 2 - Alameda 9
TOP OF THE 5TH
Laredo Hawks batting - Pitching for Alameda Airmen : RHP Bert Hollingsworth
Batting: RHB Sergio San Martín 0-0: Ball
1-0: Called Strike
1-1: Ball
2-1: Fly out, F5 (Popup, 5, EV 57.5 MPH)
Batting: RHB Robby Long 0-0: Called Strike
0-1: Fly out, F6 (Line Drive, 6, EV 71.9 MPH)
Batting: RHB Jesús Gómez 0-0: Ball
1-0: Called Strike
1-1: Ground out 6-3 (Groundball, 6, EV 102.5 MPH)
Top of the 5th over - 0 runs, 0 hits, 0 errors, 0 left on base; Laredo 2 - Alameda 9
BOTTOM OF THE 5TH
Alameda Airmen batting - Pitching for Laredo Hawks : LHP Fred Bridges
Batting: RHB Sebastian Franke 0-0: Ball
1-0: Ball
2-0: Ball
3-0: Base on Balls
Batting: LHB Jesús Leoz 0-0: Ball
1-0: Grounds into double play, 4-6-3 (Groundball, 34, EV 101.9 MPH)
Batting: RHB Pablo Pagán 0-0: Foul Ball, location: 2F
0-1: Swinging Strike
0-2: Ball
1-2: Ball
2-2: Strikes out swinging
Bottom of the 5th over - 0 runs, 0 hits, 0 errors, 0 left on base; Laredo 2 - Alameda 9
TOP OF THE 6TH
Laredo Hawks batting - Pitching for Alameda Airmen : RHP Bert Hollingsworth
Batting: RHB Eddie Neef 0-0: Swinging Strike
0-1: Swinging Strike
0-2: Strikes out looking
Pitching: LHP Barney Padgett
Batting: LHB Keith Pick 0-0: Ball
1-0: Ball
2-0: Ball
3-0: Base on Balls
Batting: LHB Justice Bigbie 0-0: Called Strike
0-1: Foul Ball, location: 2F
0-2: Foul Ball, location: 2F
0-2: Foul Ball, location: 2F
0-2: Foul Ball, location: 2F
0-2: Foul Ball, location: 2F
0-2: Ball
1-2: Foul Ball, location: 2F
1-2: Ball
2-2: Strikes out swinging
Batting: LHB Asberry Harpending 0-0: Called Strike
0-1: Ball
1-1: Foul Ball, location: 2F
1-2: Ball
2-2: Ball
3-2: Ground out U3 (Groundball, 3, EV 78.1 MPH)
Top of the 6th over - 0 runs, 0 hits, 0 errors, 1 left on base; Laredo 2 - Alameda 9
BOTTOM OF THE 6TH
Alameda Airmen batting - Pitching for Laredo Hawks : LHP Fred Bridges
Batting: RHB Johnny Jones 0-0: Called Strike
0-1: Ball
1-1: Ball
2-1: Ball
3-1: Ground out 6-3 (Groundball, 6, EV 81.9 MPH)
Batting: RHB Bernardo Hernández 0-0: Ball
1-0: Ball
2-0: Ball
3-0: Base on Balls
Batting: RHB Tom Taylor 0-0: Ball
1-0: Foul Ball, location: 2F
1-1: Ball
2-1: DOUBLE (Line Drive, 78D, EV 108.1 MPH)
Bernardo Hernández to third
Pitching: RHP Scott Martin
Batting: RHB Michael Hughes 0-0: Called Strike
0-1: Ball
1-1: Called Strike
1-2: Strikes out looking
Batting: RHB Tokaji Heida 0-0: SINGLE (Groundball, 3D, EV 96.2 MPH)
Bernardo Hernández scores
Tom Taylor to third
Runner from 3rd tries for Home, SAFE, throw by RF to home
Batting: LHB Flint Myers 0-0: Ball
1-0: Ball
2-0: Called Strike
2-1: Hit by Pitch
Tokaji Heida to second
Batting: RHB Sebastian Franke 0-0: Ball
1-0: Foul Ball, location: 2F
1-1: Called Strike
1-2: Strikes out swinging
Bottom of the 6th over - 2 runs, 2 hits, 0 errors, 2 left on base; Laredo 2 - Alameda 11
TOP OF THE 7TH
Laredo Hawks batting - Pitching for Alameda Airmen : LHP Barney Padgett
Pinch Hitting: LHB Carlos Árias 0-0: Called Strike
0-1: Ground out 6-3 (Groundball, 6, EV 98.8 MPH)
Batting: LHB Richard Edwards 0-0: Foul Ball, location: 2F
0-1: Foul Ball, location: 2F
0-2: Ball
1-2: Ground out 5-3 (Groundball, 56, EV 101.9 MPH)
Batting: RHB Sergio San Martín 0-0: Called Strike
0-1: Ball
1-1: Swinging Strike
1-2: Hit by Pitch
Batting: RHB Robby Long 0-0: Foul Ball, location: 2F
0-1: Ball
Passed Ball!
Sergio San Martín to second
1-1: Swinging Strike
1-2: Ground out 6-3 (Groundball, 6, EV 81.9 MPH)
Top of the 7th over - 0 runs, 0 hits, 0 errors, 1 left on base; Laredo 2 - Alameda 11
BOTTOM OF THE 7TH
Alameda Airmen batting - Pitching for Laredo Hawks : RHP Scott Martin
Now in RF: Christian Patriarche
Pinch Hitting: SHB Pedro Montoya 0-0: Ball
1-0: Called Strike
1-1: Called Strike
1-2: Foul Ball, location: 2F
1-2: Foul Ball, location: 2F
1-2: Strikes out looking
Batting: RHB Pablo Pagán 0-0: Ball
1-0: SINGLE (Groundball, 4D, EV 95.6 MPH)
Batting: RHB Johnny Jones 0-0: Called Strike
0-1: Ball
1-1: Foul Ball, location: 2F
1-2: Ball
2-2: Strikes out swinging
Batting: RHB Bernardo Hernández 0-0: Swinging Strike
0-1: Ball
1-1: Called Strike
1-2: Foul Ball, location: 2F
1-2: Strikes out swinging
Bottom of the 7th over - 0 runs, 1 hit, 0 errors, 1 left on base; Laredo 2 - Alameda 11
TOP OF THE 8TH
Laredo Hawks batting - Pitching for Alameda Airmen : LHP Barney Padgett
Now in LF: Pedro Montoya
Batting: RHB Jesús Gómez 0-0: Called Strike
0-1: Foul Ball, location: 2F
0-2: Ground out 4-3 (Groundball, 4M, EV 78.1 MPH)
Batting: RHB Eddie Neef 0-0: Foul Ball, location: 2F
0-1: Swinging Strike
0-2: Foul Ball, location: 2F
0-2: Strikes out swinging
Batting: LHB Keith Pick 0-0: Called Strike
0-1: Foul Ball, location: 2F
0-2: Ball
1-2: Strikes out swinging
Top of the 8th over - 0 runs, 0 hits, 0 errors, 0 left on base; Laredo 2 - Alameda 11
BOTTOM OF THE 8TH
Alameda Airmen batting - Pitching for Laredo Hawks : RHP Scott Martin
Batting: RHB Tom Taylor 0-0: Called Strike
0-1: Ball
1-1: DOUBLE (Groundball, 5L, EV 94.4 MPH)
Batting: RHB Michael Hughes 0-0: Ball
1-0: Ball
2-0: Foul Ball, location: 2F
2-1: Ball
3-1: DOUBLE (Line Drive, 9LM, EV 87.5 MPH)
Tom Taylor scores
Batting: RHB Tokaji Heida 0-0: Ball
1-0: Called Strike
1-1: Foul Ball, location: 2F
1-2: Foul Ball, location: 2F
1-2: Foul Ball, location: 2F
1-2: Foul Ball, location: 2F
1-2: Ball
2-2: DOUBLE (Line Drive, 7LS, EV 104.4 MPH)
Michael Hughes scores
Batting: LHB Flint Myers 0-0: Called Strike
0-1: Ball
1-1: Called Strike
1-2: Foul Ball, location: 2F
1-2: Ball
2-2: Strikes out looking
Pitching: RHP Fernando González
Batting: RHB Sebastian Franke 0-0: Ground out 6-3 (Groundball, 6M, EV 90.0 MPH)
Tokaji Heida to third
Batting: SHB Pedro Montoya 0-0: Ball
1-0: SINGLE (Line Drive, 56D, EV 100.6 MPH)
Tokaji Heida scores
Batting: RHB Pablo Pagán 0-0: Ball
1-0: Called Strike
1-1: Ground out 5-3 (Groundball, 56S, EV 69.4 MPH)
Bottom of the 8th over - 3 runs, 4 hits, 0 errors, 1 left on base; Laredo 2 - Alameda 14
TOP OF THE 9TH
Laredo Hawks batting - Pitching for Alameda Airmen : LHP Barney Padgett
Batting: LHB Justice Bigbie 0-0: Fly out, F7 (Flyball, 7, EV 75.6 MPH)
Batting: LHB Asberry Harpending 0-0: Ball
1-0: Called Strike
1-1: Foul Ball, location: 2F
1-2: Fly out, F8 (Flyball, 8RS, EV 92.5 MPH)
Pinch Hitting: LHB Ivo Lokajcek 0-0: Ball
1-0: Ground out 4-3 (Groundball, 4S, EV 86.9 MPH)
Top of the 9th over - 0 runs, 0 hits, 0 errors, 0 left on base; Laredo 2 - Alameda 14
Thursday, January 23rd, 2020 - OOTP Baseball 20.8 Build 74